Cogmind - Beta 9.5 @@@ ROGUE MODE // 2020.04.02 @ 21:43:05 // Winter2019/RPGLIKE Player: Torako Result: Destroyed by S-10 Pest with Light Assault Rifle Performance ------------- Evolutions (2) 1000 Regions Visited (8) 1600 Robots Destroyed (55) 275 Value Destroyed (2095) 2095 Prototype IDs (8) 160 Alien Tech Used (0) 0 Bonus (877) 877 TOTAL SCORE: 6007 Bonus ------- High Alert Combat Kills 149 Follower Combat Kills 60 Entered Garrisons 200 Used RIF Installer 500 Friendly Fire -32 Cogmind --------- Core Integrity 0/1250 Matter 350/350 Energy 330/330 System Corruption 0% Temperature Cool (0) Movement Flying (102) Ox1 Location -8/Storage Parts ------- > --- POWER (1) -------- Cooled Ion Engine > --- PROPULSION (3) --- Improved Flight Unit Improved VTOL Module > --- UTILITY (3) ------ Signal Interpreter Target Analyzer Reflective Plating > --- WEAPON (2) ------- Improved EM Shotgun Ripper > --- INVENTORY (3) ---- Improved Terrain Scanner Relay Coupler [NC] (56) Relay Coupler [NC] (62) Peak State ------------ > --- POWER ------------ Cooled Ion Engine > --- PROPULSION ------- Carbon-fiber Leg Improved Flight Unit Improved VTOL Module > --- UTILITY ---------- Signal Interpreter Improved Terrain Scanner Reflective Plating > --- WEAPON ----------- Improved EM Shotgun Ripper > --- INVENTORY -------- Target Analyzer Relay Coupler [NC] Relay Coupler [NC] [Rating: 26] Favorites ----------- Power Light Nuclear Core Engine Ion Engine Power Core Light Nuclear Core Propulsion Light Treads Treads Light Treads Leg Aluminum Leg Flight Unit Improved Flight Unit Utility Improved Terrain Scanner Device Improved Terrain Scanner Processor Signal Interpreter Protection Light Armor Plating Weapon Assault Rifle Energy Gun Improved EM Shotgun Energy Cannon Compact Ion Cannon Ballistic Gun Assault Rifle Launcher Grenade Launcher Slashing Weapon Ripper Build | -11 -10 -10 -10 -9 -8 -8 -8 -8 ------- Run | Scr Mat Min Exi Min Mat Gar Mat Sto Slots Evolved 5 | 1 . 1 . . 2 . . 1 Power . | . . . . . . . . . Propulsion 2 | 1 . . . . . . . 1 Utility 2 | . . 1 . . 1 . . . Weapon 1 | . . . . . 1 . . . Parts Attached 30 | 1 4 2 1 1 2 5 5 9 Power 3 | . . . . 1 . 1 . 1 Engine 1 | . . . . . . . . 1 Core 2 | . . . . 1 . 1 . . Reactor . | . . . . . . . . . Propulsion 6 | 1 2 . . . . . 1 2 Treads 2 | . 2 . . . . . . . Leg 2 | 1 . . . . . . 1 . Wheel . | . . . . . . . . . Hover . | . . . . . . . . . Flight 2 | . . . . . . . . 2 Utility 8 | . 2 1 . . 1 1 2 1 Device 2 | . 1 1 . . . . . . Storage . | . . . . . . . . . Processor 3 | . 1 . . . . . 1 1 Hackware . | . . . . . . . . . Protection 3 | . . . . . 1 1 1 . Artifact . | . . . . . . . . . Weapon 13 | . . 1 1 . 1 3 2 5 Energy Gun 2 | . . . . . . . . 2 Energy Cannon 2 | . . . . . . . . 2 Ballistic Gun 5 | . . . 1 . . 2 1 1 Ballistic Cannon . | . . . . . . . . . Launcher 1 | . . 1 . . . . . . Special Weapon . | . . . . . . . . . Impact Weapon . | . . . . . . . . . Slashing Weapon 3 | . . . . . 1 1 1 . Piercing Weapon . | . . . . . . . . . Special Melee Weapon . | . . . . . . . . . Unidentified Prototypes 8 | . . . . . . . . 8 Parts Lost 3 | . . . . . . 3 . . Power . | . . . . . . . . . Propulsion . | . . . . . . . . . Utility 2 | . . . . . . 2 . . Weapon 1 | . . . . . . 1 . . Highest Loss Streak 2 | . . . . . . 2 . . Average Slot Usage (%) 94 | . 97 100 100 100 99 94 58 74 Engine 7 | . 20 16 16 1 . . . 6 Core 6 | . . . . 14 13 11 . . Treads 23 | . 16 33 33 33 28 23 . . Leg 5 | . 23 . . . . . 10 8 Device 14 | . 16 15 16 16 13 12 12 9 Processor 12 | . . 16 16 16 13 12 18 12 Protection 3 | . . . . . 6 10 4 11 Ballistic Gun 14 | . 20 11 15 16 13 15 1 . Slashing Weapon 3 | . . . . . 7 7 10 11 Naked Turns . | . . . . . . . . . Heaviest Build 20 | 7 8 9 9 8 14 14 11 20 Greatest Support 40 | 20 40 40 40 40 40 40 20 20 Greatest Overweight (x) 1 | . . . . . . . . 1 Average Overweight (x) . | . . . . . . . . . Largest Inventory Capacity 3 | 2 2 2 2 2 3 3 3 3 Average Capacity 2 | 2 2 2 2 2 2 3 3 3 Most Carried 3 | 2 2 2 2 2 3 3 3 3 Average Carried 2 | 1 1 1 1 1 1 2 2 3 Final Capacity 3 | 2 2 2 2 2 3 3 3 3 Final Carried 3 | 2 2 2 2 2 3 3 3 3 Class Distribution -------------------- 42% | Mutant 19% | Scavenger-Mutant 18% | Scavenger-Assassin 10% | Assassin 7% | Scavenger-Skirmisher Dominant Class ---------------- Mutant | -10/Materials Mutant | -10/Mines Mutant | -10/Exiles Scavenger-Mutant | -9/Mines Scavenger-Assassin | -8/Materials Scavenger-Assassin | -8/Garrison Assassin | -8/Materials Assassin | -8/Storage Resources | -11 -10 -10 -10 -9 -8 -8 -8 -8 ----------- Run | Scr Mat Min Exi Min Mat Gar Mat Sto Matter Collected 980 | 216 180 43 . . 180 219 52 90 Remotely . | . . . . . . . . . Salvage Created 1936 | 13 189 . . . 438 635 288 373 Parts 111 | . 18 5 . . 17 38 16 17 Haulers Intercepted 1 | . 1 . . . . . . . Recyclers Shooed . | . . . . . . . . . Parts Field Recycled . | . . . . . . . . . Retrieved Matter . | . . . . . . . . . Parts Self-Destructed . | . . . . . . . . . Prevented . | . . . . . . . . . Kills | -11 -10 -10 -10 -9 -8 -8 -8 -8 ------- Run | Scr Mat Min Exi Min Mat Gar Mat Sto Combat Hostiles Destroyed 50 | . 8 3 . . 9 18 4 8 Melee 24 | . . . . . 7 5 4 8 Guns 25 | . 8 2 . . 2 13 . . AOE 1 | . . 1 . . . . . . Classes Destroyed 9 | 1 3 1 . . 2 . . 2 Worker 1 | . . . . . . . . 1 Tunneler 2 | 1 1 . . . . . . . Hauler 1 | . 1 . . . . . . . Watcher 1 | . . . . . . . . 1 Swarmer 15 | . 3 . . . . 8 . 4 Grunt 23 | . 5 2 . . 6 7 1 2 Brawler 2 | . . . . . 2 . . . Sentry 9 | . . . . . 1 3 3 2 Assembled 1 | . . 1 . . . . . . Best Kill Streak 6 | 1 3 2 . . 3 6 2 4 Combat Bots Only 6 | . 3 2 . . 3 6 2 4 Max Kills in Single Turn 1 | 1 1 1 . . 1 1 1 1 Gunslinging . | . . . . . . . . . Exploded 1 | . . 1 . . . . . . Melee 1 | . . . . . 1 1 1 1 Uniques/NPCs Destroyed . | . . . . . . . . . Combat | -11 -10 -10 -10 -9 -8 -8 -8 -8 -------- Run | Scr Mat Min Exi Min Mat Gar Mat Sto Damage Taken 3139 | . 283 268 . 46 326 1939 150 127 Core 2428 | . 234 215 . 35 251 1487 126 80 Absorbed by Shields . | . . . . . . . . . Redirected to Core 1763 | . 152 186 . 35 202 1075 59 54 Core Remaining (%) 100 | 100 . . . 100 . . . . Volleys Fired 125 | 2 50 10 . 5 10 48 . . Largest 2 | 1 1 1 . 1 1 2 . . Hottest 40 | 20 20 30 . 20 20 40 . . Shots Fired 166 | 2 50 10 . 5 10 89 . . Gun 162 | 2 50 6 . 5 10 89 . . Cannon . | . . . . . . . . . Launcher 4 | . . 4 . . . . . . Special . | . . . . . . . . . Kinetic 162 | 2 50 6 . 5 10 89 . . Thermal . | . . . . . . . . . Explosive 4 | . . 4 . . . . . . Electromagnetic . | . . . . . . . . . Robot Hit Streak 15 | 1 12 7 . 1 9 15 . . Robot Miss Streak 3 | 1 3 2 . 1 2 3 . . Penetration Max . | . . . . . . . . . Secondary Targets 4 | . . . . . . 4 . . Max Gunslinging Chain 1 | . . . . . . 1 . . Shots Hit Robots 183 | 1 34 7 . 2 26 84 11 18 Core Hits 94 | 1 16 11 . 2 12 37 4 11 Critical Hits 1 | . . 1 . . . . . . Critical Kills . | . . . . . . . . . Critical Parts Destroyed 1 | . . 1 . . . . . . Melee Attacks 73 | . . . . . 17 22 12 22 Impact . | . . . . . . . . . Slashing 73 | . . . . . 17 22 12 22 Piercing . | . . . . . . . . . Sneak Attacks 1 | . . . . . . . . 1 Combat Hostiles . | . . . . . . . . . Follow-up Attacks . | . . . . . . . . . Damage Inflicted 3897 | 15 425 376 . 42 717 1236 397 689 Guns 1428 | 15 425 77 . 42 127 742 . . Cannons . | . . . . . . . . . Explosions 299 | . . 299 . . . . . . Melee 2170 | . . . . . 590 494 397 689 Ramming . | . . . . . . . . . Kinetic 1428 | 15 425 77 . 42 127 742 . . Thermal . | . . . . . . . . . Explosive 299 | . . 299 . . . . . . Electromagnetic . | . . . . . . . . . Impact . | . . . . . . . . . Slashing 2170 | . . . . . 590 494 397 689 Piercing . | . . . . . . . . . Highest Corruption . | . . . . . . . . . Average Corruption . | . . . . . . . . . Corruption Purged . | . . . . . . . . . Overload Shots . | . . . . . . . . . Overflow Damage 36 | . . 7 . . . 22 7 . Projectiles . | . . . . . . . . . Explosions 7 | . . 7 . . . . . . Melee 29 | . . . . . . 22 7 . Knockbacks . | . . . . . . . . . Impact . | . . . . . . . . . Kinetic . | . . . . . . . . . Secondary . | . . . . . . . . . Self-Inflicted Damage 28 | . . 28 . . . . . . Shots 1 | . . 1 . . . . . . Rammed . | . . . . . . . . . Targets Rammed . | . . . . . . . . . Kicked . | . . . . . . . . . Crushed . | . . . . . . . . . Highest Temperature 130 | . 2 . . . 4 130 . . Average Temperature 40 | . 2 . . . 2 41 . . Received Heat Transfer 987 | . 96 39 . 24 162 567 63 36 Siege Activations . | . . . . . . . . . Robots Corrupted . | . . . . . . . . . Combat Hostiles . | . . . . . . . . . Parts Fried . | . . . . . . . . . Impact Corruptions . | . . . . . . . . . Robots Melted . | . . . . . . . . . Combat Hostiles . | . . . . . . . . . Parts Melted . | . . . . . . . . . Heat Transferred . | . . . . . . . . . Parts Sabotaged . | . . . . . . . . . Parts Stolen . | . . . . . . . . . Parts Stripped . | . . . . . . . . . Power Chain Reactions . | . . . . . . . . . Missiles Intercepted . | . . . . . . . . . Alert | -11 -10 -10 -10 -9 -8 -8 -8 -8 ------- Run | Scr Mat Min Exi Min Mat Gar Mat Sto Peak Influence 854 | 5 211 87 . 56 214 854 565 343 Average Influence 234 | 2 110 72 . 30 81 559 495 185 Maximum Alert Level 3 | . 1 . . . 1 3 2 1 Low Security (%) 59 | 100 83 100 . 100 87 . . 49 Level 1 16 | . 16 . . . 12 30 . 50 Level 2 14 | . . . . . . 30 100 . Level 3 9 | . . . . . . 38 . . Level 4 . | . . . . . . . . . Level 5 . | . . . . . . . . . High Security . | . . . . . . . . . Max Security . | . . . . . . . . . Squads Dispatched 4 | . 3 . . . 1 . . . Investigation 1 | . 1 . . . . . . . Extermination . | . . . . . . . . . Reinforcement 3 | . 2 . . . 1 . . . Assault . | . . . . . . . . . Garrison . | . . . . . . . . . Intercept . | . . . . . . . . . Construction Impeded . | . . . . . . . . . Haulers Reinforced . | . . . . . . . . . Stealth | -11 -10 -10 -10 -9 -8 -8 -8 -8 --------- Run | Scr Mat Min Exi Min Mat Gar Mat Sto Distress Signals 4 | . 3 . . . . . . 1 Communications Jammed . | . . . . . . . . . Distress Signals . | . . . . . . . . . Times Spotted 81 | . 16 9 . 2 11 25 5 13 Peak Tracking Total 7 | . 4 7 . 2 4 6 2 5 Tactical Retreats 5 | . 1 . . . 1 2 . 1 Traps | -11 -10 -10 -10 -9 -8 -8 -8 -8 ------- Run | Scr Mat Min Exi Min Mat Gar Mat Sto Traps Triggered 1 | . . . . . . 1 . . Indirectly . | . . . . . . . . . Trap Hack Attempts . | . . . . . . . . . Triggered . | . . . . . . . . . Disarmed . | . . . . . . . . . Reprogrammed . | . . . . . . . . . Reused . | . . . . . . . . . Traps Extracted . | . . . . . . . . . Installed . | . . . . . . . . . Triggered . | . . . . . . . . . Machines | -11 -10 -10 -10 -9 -8 -8 -8 -8 ---------- Run | Scr Mat Min Exi Min Mat Gar Mat Sto Machines Disabled 4 | . . . . . . 2 . 2 Max in Single Turn 1 | . . . . . . 1 . 1 Garrison Relay 2 | . . . . . . 2 . . Machines Sabotaged . | . . . . . . . . . Garrisons Compromised . | . . . . . . . . . Overloaded Fab Kills . | . . . . . . . . . Fab Network Shutdowns . | . . . . . . . . . Hacking | -11 -10 -10 -10 -9 -8 -8 -8 -8 --------- Run | Scr Mat Min Exi Min Mat Gar Mat Sto Machines Accessed 14 | . 3 . 1 . 3 . 2 5 Terminals 10 | . 2 . . . 2 . 2 4 Fabricators . | . . . . . . . . . Repair Stations 1 | . . . . . . . . 1 Recycling Units 1 | . 1 . . . . . . . Scanalyzers . | . . . . . . . . . Garrison Access 1 | . . . . . 1 . . . Total Hacks 39 | . 7 . 4 . 5 . 7 16 Successful 22 | . 3 . 4 . 4 . 2 9 Failed 17 | . 4 . . . 1 . 5 7 Catastrophic 1 | . 1 . . . . . . . Database Lockouts . | . . . . . . . . . Manual 27 | . 7 . . . 3 . 7 10 Terminals 29 | . 5 . . . 4 . 7 13 Fabricators . | . . . . . . . . . Repair Stations 3 | . . . . . . . . 3 Recycling Units 2 | . 2 . . . . . . . Scanalyzers . | . . . . . . . . . Garrison Access 1 | . . . . . 1 . . . Terminal Hacks 11 | . . . 4 . 1 . . 6 Record 4 | . . . 4 . . . . . Open Door 1 | . . . . . . . . 1 Level Access Points 1 | . . . . . . . . 1 Alert Level 1 | . . . . . 1 . . . Unreport Threat 4 | . . . . . . . . 4 Fabricator Hacks . | . . . . . . . . . Repair Station Hacks . | . . . . . . . . . Recycling Unit Hacks . | . . . . . . . . . Scanalyzer . | . . . . . . . . . Garrison Access Hacks 1 | . . . . . 1 . . . Unlock Access 1 | . . . . . 1 . . . Unauthorized Hacks 25 | . 10 . . . 5 . 4 6 Terminals 9 | . 2 . . . 2 . 2 3 Assimilate 2 | . 1 . . . 1 . . . Botnet 7 | . 1 . . . 1 . 2 3 Fabricators . | . . . . . . . . . Repair Stations . | . . . . . . . . . Recycling Units 1 | . 1 . . . . . . . Tunnel 1 | . 1 . . . . . . . Scanalyzers . | . . . . . . . . . Garrison Access . | . . . . . . . . . Data Cores Recovered . | . . . . . . . . . Used . | . . . . . . . . . Hacking Detections 8 | . 2 . . . 1 . 2 3 Full Trace Events . | . . . . . . . . . Feedback Events . | . . . . . . . . . Feedback Blocked . | . . . . . . . . . Robot Schematics Acquired . | . . . . . . . . . Robots Built . | . . . . . . . . . Matter . | . . . . . . . . . Time . | . . . . . . . . . Total Robot Build Rating . | . . . . . . . . . Part Schematics Acquired . | . . . . . . . . . Parts Built . | . . . . . . . . . Matter . | . . . . . . . . . Time . | . . . . . . . . . Total Part Build Rating . | . . . . . . . . . Parts Repaired . | . . . . . . . . . Time . | . . . . . . . . . Parts Recycled . | . . . . . . . . . Recycled Matter . | . . . . . . . . . Retrieved Matter . | . . . . . . . . . Retrieved Components . | . . . . . . . . . Parts Scanalyzed . | . . . . . . . . . Part Schematics Acquired . | . . . . . . . . . Parts Damaged . | . . . . . . . . . Bothacking | -11 -10 -10 -10 -9 -8 -8 -8 -8 ------------ Run | Scr Mat Min Exi Min Mat Gar Mat Sto Used RIF Installer 1 | . . . . . . 1 . . Robots Hacked . | . . . . . . . . . Non-combat . | . . . . . . . . . Combat . | . . . . . . . . . Robot Hacks Applied . | . . . . . . . . . Relay Couplers Released 4 | . . . . . . 4 . . Machine Destruction 4 | . . . . . . 4 . . Robots Rewired . | . . . . . . . . . Allies Hacked . | . . . . . . . . . Hacks Repelled . | . . . . . . . . . Allies | -11 -10 -10 -10 -9 -8 -8 -8 -8 -------- Run | Scr Mat Min Exi Min Mat Gar Mat Sto Total Allies 4 | . . 1 . 2 1 . . . Largest Group 3 | . . 1 . 2 3 . . . Highest-Rated Group 50 | . . 31 . 40 50 . . . Highest-Rated Ally 31 | . . 31 . 31 31 . . . Total Orders 1 | . . . . . 1 . . . STAY 1 | . . . . . 1 . . . Ally Attacks 17 | . . 10 . 3 4 . . . Total Damage 188 | . . 64 . 61 63 . . . Kills 3 | . . 1 . 2 . . . . Allies Corrupted . | . . . . . . . . . Allies Melted . | . . . . . . . . . Intel | -11 -10 -10 -10 -9 -8 -8 -8 -8 ------- Run | Scr Mat Min Exi Min Mat Gar Mat Sto Robot Analysis Total . | . . . . . . . . . Derelict Logs Recovered 1 | . . . . 1 . . . . Drone Launches . | . . . . . . . . . Drone Recoveries . | . . . . . . . . . Exploration | -11 -10 -10 -10 -9 -8 -8 -8 -8 ------------- Run | Scr Mat Min Exi Min Mat Gar Mat Sto Turns Passed 3810 | 45 607 258 588 651 342 829 213 277 Spaces Moved 2134 | 32 317 139 362 394 149 435 164 142 Core 148 | . . . . . . 89 59 . Treads 1507 | . 117 139 362 394 149 346 . . Legs 449 | 32 200 . . . . . 105 112 Wheels . | . . . . . . . . . Hover . | . . . . . . . . . Flight 30 | . . . . . . . . 30 Fastest Speed 50 | 120 120 160 160 160 160 50 50 102 Average Speed 143 | 120 134 160 160 160 160 137 94 116 Slowest Speed 160 | 120 160 160 160 160 160 160 120 120 Overloaded Moves . | . . . . . . . . . Propulsion Burnouts . | . . . . . . . . . Robots Hopped . | . . . . . . . . . Cave-ins Triggered . | . . . . . . . . . Exploration Rate (%) 42 | 3 43 20 86 95 19 67 21 29 Regions Visited 8 Branch Regions 4 Pre-discovered Areas 3 | . 1 . 1 1 . . . . Known Exits Taken 6 | . 1 1 1 1 1 . 1 . Unknown Exits Taken 1 | 1 . . . . . . . . Scrap Searched 1 | . . 1 . . . . . . Spaces Dug 1 | . . . . . . . 1 . Terrain Destroyed 40 | . . 39 . . . . 1 . Melee 1 | . . . . . . . 1 . Projectile . | . . . . . . . . . AOE 39 | . . 39 . . . . . . Actions | -11 -10 -10 -10 -9 -8 -8 -8 -8 --------- Run | Scr Mat Min Exi Min Mat Gar Mat Sto Total 2624 | 36 450 164 371 411 216 554 202 220 Wait 151 | . 51 8 1 . 25 6 20 40 Move 2126 | 31 316 138 361 393 149 433 163 142 Hop . | . . . . . . . . . Pick Up 20 | 2 6 1 1 2 2 5 1 . Fast Attach 21 | 1 3 . . 1 1 3 4 8 Attach 3 | . . 1 . . 1 . 1 . Detach 2 | . . . . 1 . . 1 . Swap 6 | . 1 1 1 . . 2 . 1 Drop 28 | . 8 . 1 3 . 10 . 6 Fire 125 | 2 50 10 . 5 10 48 . . Melee 73 | . . . . . 17 22 12 22 Ram . | . . . . . . . . . Kick . | . . . . . . . . . Crush . | . . . . . . . . . Escape Stasis . | . . . . . . . . . Rewire . | . . . . . . . . . Trap . | . . . . . . . . . Miscellaneous 69 | . 15 5 6 6 11 25 . 1 Route ------- -11/Scrapyard -10/Materials (discovered 2 exits: [*Mat] / *Min) -10/Mines -10/Exiles -9/Mines (discovered 2 exits: *Mat x2) -8/Materials (discovered 3 exits: *Sto x2 / Gar) -8/Garrison (discovered 3 exits: *Mat x3) -8/Materials -8/Storage (discovered 1 exit: Fac) History --------- Turn | Location | Event 1 | -11/Scrapyard | Upgraded with Propulsion slot (x1) 1 | -11/Scrapyard | Discovered new exit (range 1) 46 | -11/Scrapyard | Entered Materials 263 | -10/Materials | Discovered new exit (range 15) 315 | -10/Materials | Build established: Mutant 573 | -10/Materials | Discovered new exit (range 13) 651 | -10/Materials | Identified exit to Mines 653 | -10/Materials | Entered Mines 655 | -10/Mines | Reached level 2 660 | -10/Mines | Upgraded with Utility slot (x1) 755 | -10/Mines | Discovered new exit (range 16) 761 | -10/Mines | Received a Mining Laser from a helpful Derelict 837 | -10/Mines | Assembled infested the area 904 | -10/Mines | Deemed a non-threat by the Exiles lab entrance 909 | -10/Mines | Identified exit to Exiles 911 | -10/Mines | Entered Exiles 973 | -10/Exiles | Met 8R-AWN 996 | -10/Exiles | Met EX-HEX 1048 | -10/Exiles | Met EX-BIN 1187 | -10/Exiles | Met EX-DEC 1198 | -10/Exiles | Learned location of Zion (-7) 1262 | -10/Exiles | Visited The Gauntlet 1483 | -10/Exiles | Discovered new exit (range 12) 1497 | -10/Exiles | Identified exit to Mines 1499 | -10/Exiles | Entered Mines 1601 | -9/Mines | Discovered new exit (range 4) 1606 | -9/Mines | Identified exit to Materials 1831 | -9/Mines | Build established: Scavenger-Mutant 1847 | -9/Mines | A weapon hastily lodged in a ceiling crevice suddenly fell to the ground 2137 | -9/Mines | Learned Materials garrison access intel 2140 | -9/Mines | Discovered exit to Materials (range 6) 2143 | -9/Mines | Learned location of Storage (-8) 2150 | -9/Mines | Entered Materials 2150 | -8/Materials | Accompanied by 2 allies 2151 | -8/Materials | Loaded intel: 1 garrison access location 2152 | -8/Materials | Reached level 3 2154 | -8/Materials | Discovered new exit (range 7) 2155 | -8/Materials | Led the pair of lost Derelicts to an unsafe place 2163 | -8/Materials | Identified exit to Storage 2174 | -8/Materials | Reached level 4 2299 | -8/Materials | Upgraded with Utility slot (x1) 2299 | -8/Materials | Upgraded with Weapon slot (x1) 2369 | -8/Materials | Discovered exit to Storage (range 15) 2492 | -8/Materials | Identified exit to Garrison 2492 | -8/Materials | Entered Garrison 2494 | -8/Garrison | Reached level 5 2540 | -8/Garrison | Triggered checkpoint 2577 | -8/Garrison | Garrison Relay disabled 2622 | -8/Garrison | Build established: Scavenger-Assassin 2780 | -8/Garrison | Triggered checkpoint 2801 | -8/Garrison | Triggered checkpoint 2836 | -8/Garrison | Reached level 6 2901 | -8/Garrison | Discovered new exit (range 13) 2919 | -8/Garrison | Identified exit to Materials 2958 | -8/Garrison | Triggered checkpoint 2979 | -8/Garrison | Core integrity fell below 50% 3042 | -8/Garrison | Garrison Relay disabled 3263 | -8/Garrison | Discovered exit to Materials (range 14) 3275 | -8/Garrison | Core integrity fell below 20% 3298 | -8/Garrison | Triggered checkpoint 3309 | -8/Garrison | Discovered exit to Materials (range 13) 3318 | -8/Garrison | Installed Relay Interface Framework 3321 | -8/Garrison | Entered Materials 3368 | -8/Materials | Reached level 7 3387 | -8/Materials | Discovered exit to Storage (range 14) 3534 | -8/Materials | Entered Storage 3536 | -8/Storage | Reached level 8 3536 | -8/Storage | Upgraded with Propulsion slot (x1) 3638 | -8/Storage | Build established: Assassin 3730 | -8/Storage | Identified exit to Factory 3811 | -8/Storage | Destroyed by S-10 Pest with Light Assault Rifle Last Messages --------------- Identified Imp. Flight Unit. K-01 Serf collects debris. Acquired Prototype Flight Unit. Identified Imp. VTOL Module. Dropped Carbon-fiber Leg. Sneak attack on K-01 Serf. K-01 Serf destroyed. Acquired 26 matter. G-47 Trooper destroyed. Acquired 28 matter. Connecting with Terminal... >>Trojan(Botnet) Trojan loaded successfully. Testing... Terminal linked with 2 systems. Awaiting botnet instructions. >>Alert(Purge) Purged threat record, alert level lowered. >>Alert(Purge) Purged threat record, alert level lowered. Map ----- +----------------------------------------------------+ | ??????????????????????????????? | | ??????????x???????????????????? | | ??????????????????????????????? | | ???????????????X??????????????? | | ?X????????????????????????????? | | ??????????????????????????????? | | ??????????????????????????????? | | ??????????????????????????????? | | ??????????????????????????????? | | ??????????????????????????????? | | ??X???????????????????????????? | | ??????????????????????????????? | | ??????????????????????????????? | | ??????????????????????????????? | | ??????????????????????????????? | | ??????????????????????????????? | | ?????????x???? ??x????????X??? | | ???????????x? ???????????????? | | ????????? # !????????????????? | | ????????? # ?????????????????? | | ????????? /??????????????????? | | ???????? #??????????????????? | | ???????? x #??????????????????? | | ????????x #????x?????????????? | | ????#+## #????#???? ???????? | | ????# @ss #??????#?? ? #?##? | | ????# #? ? ##### ? ###?# | | ????# # ?+ ?x | | ???## #? # ? ## | | ????# # ??# """"" #? | | ???## # ? + """"" ## | | ???## #??? # """"" ## | | ?#### # ? # """"" ## | | ##?## # # x ## | | #??## #? # ## | | ##?## ####?# """"" ## | | ?#?## ######" """"" ## | | #?### ######T """"" ## | | ?###T ######" """"" ## | | #?### x*=## | | ###?# =* ## | | ?#### % ####" ""###### ## | | ?##?#####+###+####"R""######+## | | ?##?## =%= ! ####""""### [*=[= | | #?#### "" " ########### """"= | | ###### ""[[" ########### "[["" | | #?#### """[ " ########### " ["" | | ?#??## "=[""" ########### ""][ | | ####?# "[["" ########### ""[ | | ?##### """" ########### """ | +----------------------------------------------------+ Best States ------------- Heat Dissipation 25 Energy Generation 14 Energy Capacity 330 Matter Stores 350 Matter Capacity 350 Sight Range 16 Robot Scan Range 26 Terrain Scan Range 16 Terrain Scan Density 310 Armor Coverage 150 Resistance: KI 10 Resistance: TH 10 Evasion (%) 50 Targeting Accuracy 5 Target Analysis 5 Recoil Reduction 2 Offensive Hacking 10 Item Schematics ----------------- None Robot Schematics ------------------ None Fabricated ------------ Nothing Alien Tech Used ----------------- None Achievements -------------- None Challenges ------------ None RPGLIKE | -11 -10 -10 -10 -9 -8 -8 -8 -8 --------- Run | Scr Mat Min Exi Min Mat Gar Mat Sto Levels Raised 7 | . . 1 . . 2 2 1 1 XP Earned 14702 | 3000 1215 750 200 809 2620 3298 640 2170 XP Spent 13375 | 2875 50 1500 . . 2925 3080 1545 1400 Upgrades 52 | 13 1 12 . . 6 13 4 3 Propulsion Slot 2 | 1 . . . . . . . 1 Utility Slot 2 | . . 1 . . 1 . . . Weapon Slot 1 | . . . . . 1 . . . Core Integrity 13 | . . 8 . . . 4 1 . Energy Storage 1 | . . . . . . 1 . . Matter Storage 1 | . . . . . 1 . . . Mass Support 1 | . . . . . . . 1 . Inventory Capacity 3 | 2 . . . . 1 . . . Sensor Range 13 | 10 . 1 . . 2 . . . Terrain Scan Density 3 | . 1 2 . . . . . . Melee Accuracy 6 | . . . . . . 4 2 . Hack Attack % 2 | . . . . . . . . 2 KI Resistance % 2 | . . . . . . 2 . . TH Resistance % 2 | . . . . . . 2 . . Protomatter Created 496 | . 118 84 . . 145 123 . 26 Integrity Restored 1353 | . 280 91 135 103 251 475 . 18 Core 1178 | . 234 57 135 58 251 425 . 18 Parts 175 | . 46 34 . 45 . 50 . . Protomatter Decayed 95 | . . 20 . 10 45 . . 20 Game ------ Seed TrapTransdimensionalBuckler Manual? 0 Play Time 00:36:33 Cumulative 167.2 hours Start 2020.04.02 @ 21:09:42 End 2020.04.02 @ 21:43:05 Sessions 1 Manual Loads 0 Difficulty Rogue Special Mode Winter2019/RPGLIKE Game No. 193 Rogue 193 Adventurer 0 Explorer 0 Win Type - Total 5 Types 4/0/1/0/0/0/0 Lore% 70 Gallery% 81 Achievement% 58 Wizard Run 0 Options --------- ASCII 0 Keyboard 1 Movement Numpad Keybinds 0 Fullscreen 1 Font 18/SmallcapsGlow Map View 76x50 Tactical HUD 1 Map Filters NONE Filters NONE Steam 1 RUN: daf89806-de6a-4d11-857f-0aa7ffea6037